 Dungeon Crawl Stone Soup version 0.19-a0-1050-g8e71ee3 (webtiles) character file.

115 GordonOverkill the Poker (level 4, 0/33 HPs)
             Began as a Demonspawn Gladiator on Aug 1, 2016.
             Slain by Sigmund
             ... wielding a +0 scythe
              (10 damage)
             ... on level 3 of the Dungeon.
             The game lasted 00:06:46 (2247 turns).

GordonOverkill the Poker (Demonspawn Gladiator)     Turns: 2247, Time: 00:06:47

Health: 0/33       AC:  7    Str: 16    XL:     4   Next: 68%
Magic:  4/4        EV: 10    Int:  9    God:
Gold:   109        SH:  0    Dex: 14    Spells: 0 memorised, 3 levels left

rFire  . . .     SeeInvis .     a - +0 trident
rCold  . . .     Gourm    .     p - +0 scale mail (curse)
rNeg   . . .     Faith    +     (no shield)
rPois  .         Spirit   .     c - +0 helmet
rElec  .         Dismiss  .     (no cloak)
rCorr  .         Reflect  .     (no gloves)
SustAt .         Harm     .     (no boots)
MR     .....                    l - amulet of faith
Stlth  ..........               (no ring)
                                (no ring)

@: not resistant to hostile enchantments, extremely unstealthy
A: hooves 1, demonic guardian 1
a: no special abilities


You were on level 3 of the Dungeon.
You were hungry.

You visited 1 branch of the dungeon, and saw 3 of its levels.

You collected 109 gold pieces.

Inventory:

Hand Weapons
 a - a +0 trident (weapon)
Missiles
 d - 3 throwing nets (quivered)
Armour
 c - a +0 helmet (worn)
 p - a cursed +0 scale mail (worn)
 r - a +0 plate armour
Jewellery
 l - an amulet of faith (around neck)
 o - an uncursed ring of see invisible {unknown}
Scrolls
 e - 2 scrolls of remove curse {unknown}
 g - a scroll of identify {unknown}
 j - 2 scrolls of teleportation {unknown}
 k - a scroll of enchant armour {unknown}
 n - a scroll of immolation {unknown}
Potions
 i - a potion of brilliance {unknown}
 q - a potion of lignification {unknown}
 s - a potion of flight {unknown}
Comestibles
 b - 5 chunks of flesh
 f - 2 bread rations
 h - a meat ration


   Skills:
 - Level 2.0 Fighting
 + Level 5.0 Polearms
 - Level 1.7 Throwing
 - Level 2.6 Dodging


You had 3 spell levels left.
You didn't know any spells.

Dungeon Overview and Level Annotations

Branches:
Dungeon (3/15)

Altars:

Annotations:
D:3 Sigmund


Innate Abilities, Weirdness & Mutations

You have large cloven feet.
A weak demonic guardian rushes to your aid.


Message History

Sigmund casts a spell at you. The puff of flame hits you!
You closely miss Sigmund. You kick Sigmund, but do no damage.
Sigmund is severely wounded.
Your crimson imp disappears in a puff of smoke!
Your iron imp closely misses Sigmund.
Sigmund casts a spell at you. The puff of flame hits you!
You closely miss Sigmund.
Sigmund is severely wounded.
You are feeling hungry.
Sigmund hits you with a scythe!
* * * LOW HITPOINT WARNING * * *
Your iron imp barely misses Sigmund.
You feel better.
Your iron imp hits Sigmund but does no damage.
You hit Sigmund but do no damage.
Sigmund is severely wounded.
Sigmund hits you with a scythe!
You die...

### #####.#######
#....<.......
#[###.#######
#.........(
#.#.####### #
#5#.# #.#@#5#
#####.#@#.#
.......5)>########
#####.#%#)..§g....
#.#.#.#######. #
#.#.# #.#.# #.#.#
..#.#


You could see Sigmund, a friendly iron imp and a friendly white imp.

Vanquished Creatures
  Robin (D:2)
  4 adders
  A worm (D:2)
  2 dart slugs (D:1)
  6 bats (D:1)
  A giant cockroach (D:2)
  18 goblins
  9 hobgoblins
  2 ball pythons
  7 kobolds
  8 rats
59 creatures vanquished.

Vanquished Creatures (collateral kills)
  A goblin (D:3)
1 creature vanquished.

Grand Total: 60 creatures vanquished

Notes
Turn   | Place    | Note
-------+----------+-------------------------------------------
     0 | D:1      | GordonOverkill the Demonspawn Gladiator began the quest for the Orb.
     0 | D:1      | Reached XP level 1. HP: 16/16 MP: 1/1
    19 | D:1      | Reached skill level 3 in Polearms
    39 | D:1      | Gained mutation: A weak demonic guardian rushes to your aid. [demonic ancestry]
    39 | D:1      | Reached XP level 2. HP: 7/22 MP: 2/2
    48 | D:1      | HP: 1/22 [goblin/club (2)]
   780 | D:1      | Gained mutation: You have large cloven feet. [demonic ancestry]
   780 | D:1      | Reached XP level 3. HP: 27/27 MP: 3/3
   875 | D:2      | Reached skill level 4 in Polearms
   883 | D:2      | Noticed Robin
   944 | D:2      | Killed Robin
  1197 | D:2      | Reached XP level 4. HP: 33/33 MP: 4/4
  2200 | D:3      | Reached skill level 5 in Polearms
  2219 | D:3      | Noticed Sigmund
  2247 | D:3      | Slain by Sigmund

Vault maps used:
D:1:      evilmike_arrival_plus, minmay_split_cup_small
D:2:      uniq_robin
D:3:      uniq_sigmund, uniq_grinder

Skill      XL: |  1  2  3  4 |
---------------+-------------+-----
Polearms       | 3 4 5 |  5.0
Fighting       | |  2.0
Throwing       | |  1.7
Dodging        | |  2.6

Action                   |  1- 3 |  4- 6 || total
-------------------------+-------+-------++-------
Melee: Trident           |   124 |    81 ||   205
       Kick              |     4 |    19 ||    23
  Use: Potion            |       |     1 ||     1
  Eat: Chunk             |     1 |     3 ||     4
Armor: Leather armour    |    24 |     1 ||    25
       Scale mail        |       |    18 ||    18
Dodge: Dodged            |    59 |    29 ||    88
